[Event "Titled Tuesday Blitz January 03 Late 2023"]
[White "Liu, Casper"]
[Black "Sloan, Julia Elizabeth"]
[WhiteFideId "1454153"]
[BlackFideId "2018950"]
[WhiteElo "2278"]
[BlackElo "2087"]
[Result "0-1"]
[Round "06"]
[TimeControl "180+2"]
[Date "2023.01.03"]
[WhiteClock "0:00:08"]
[BlackClock "0:01:21"]

1. Nf3 Nf6 2. b3 e6 3. Bb2 b5 4. g3 Bb7 5. Bg2 a6 6. O-O d5 7. a4 b4 8. Ne5 Nbd7 9. d3 Bc5 10. Nd2 O-O 11. d4 Bd6 12. Nd3 Ne4 13. Nxe4 dxe4 14. Ne5 Nxe5 15. dxe5 Bc5 16. e3 Qxd1 17. Raxd1 Rfd8 18. Bd4 Bf8 19. Bb2 g6 20. c3 a5 21. Rd4 c5 22. Rxd8 Rxd8 23. cxb4 axb4 24. Rc1 Rd2 25. Ba1 Rd3 26. Bf1 Rxb3 27. Bc4 Ra3 28. Bb2 Rxa4 29. Rd1 Ba6 30. Bb3 Ra5 31. Bc2 c4 32. Bd4 b3 33. Bxe4 Bb4 34. Bb6 Rxe5 35. Rd8+ Bf8 36. Bc7 Rxe4 37. Bd6 b2 38. Bxf8 b1=Q+ 39. Kg2 f5 40. Bh6+ Kf7 41. Rf8+ Ke7 42. Rh8 c3 43. Bg5+ Kd7 44. Rd8+ Kc7 0-1


[Site "https://www.chess.com"]

[Event "Titled Tuesday Blitz January 03 Late 2023"]
[White "Mitrovic, Darko R"]
[Black "Hoffmann, Asa"]
[WhiteFideId "927023"]
[BlackFideId "2001470"]
[WhiteElo "2220"]
[BlackElo "2185"]
[Result "1-0"]
[Round "06"]
[TimeControl "180+2"]
[Date "2023.01.03"]
[WhiteClock "0:00:08"]
[BlackClock "0:00:50"]

1. d4 Nf6 2. Nf3 d6 3. g3 c6 4. Bg2 Bf5 5. O-O Nbd7 6. c4 h6 7. Nc3 e5 8. d5 c5 9. Nh4 Bh7 10. e4 Be7 11. f4 exf4 12. gxf4 Nxe4 13. Bxe4 Bxh4 14. Bxh7 Rxh7 15. Qd3 Rh8 16. Be3 Bf6 17. Ne4 Qe7 18. Rae1 O-O-O 19. b4 Rhe8 20. Bf2 cxb4 21. Bxa7 Qf8 22. a3 Nc5 23. Bxc5 dxc5 24. axb4 Bd4+ 25. Kg2 f5 26. Nxc5 Bxc5 27. bxc5 Qxc5 28. Qxf5+ Kb8 29. Qd3 Rc8 30. Rxe8 Rxe8 31. Rd1 Rc8 32. d6 Qc6+ 33. Qd5 Rd8 34. Qxc6 bxc6 35. c5 Ka7 36. Rb1 Ka6 37. Rb6+ Ka5 38. Rxc6 Kb5 39. Rc7 g5 40. fxg5 hxg5 41. d7 g4 42. c6 Kb6 43. Rc8 1-0


[Site "https://www.chess.com"]

[Event "Titled Tuesday Blitz January 03 Late 2023"]
[White "Cruz Gomez, Miguel Angel"]
[Black "Horcajuelo Rocamora, Martin"]
[WhiteFideId "5137160"]
[BlackFideId "24573027"]
[WhiteElo "1950"]
[BlackElo "2107"]
[Result "0-1"]
[Round "06"]
[TimeControl "180+2"]
[Date "2023.01.03"]
[WhiteClock "0:01:15"]
[BlackClock "0:01:56"]

1. Nf3 c5 2. c4 Nc6 3. Nc3 g6 4. g3 Bg7 5. Bg2 Nf6 6. O-O O-O 7. d4 cxd4 8. Nxd4 Nxd4 9. Qxd4 d6 10. Qd2 Rb8 11. b3 a6 12. a4 Nd7 13. Bb2 Nc5 14. Qc2 Qb6 15. Ra3 Bf5 16. e4 Be6 17. Nd5 Bxd5 18. exd5 Qb4 19. Rfa1 Bxb2 20. Qxb2 a5 21. h4 b6 22. Bf3 e5 23. dxe6 fxe6 24. Kg2 Nd3 25. Qd4 Ne5 26. Be4 Qc5 27. Rd1 Qxa3 28. f4 Nf7 29. h5 e5 30. Qd3 exf4 31. hxg6 Ne5 32. Bd5+ Kg7 33. Qc3 f3+ 34. Kf2 hxg6 0-1


[Site "https://www.chess.com"]

[Event "Titled Tuesday Blitz January 03 Late 2023"]
[White "Golubev, Mikhail"]
[Black "Slavin, Alexey"]
[WhiteFideId "14100983"]
[BlackFideId "24104388"]
[WhiteElo "2461"]
[BlackElo "2364"]
[Result "1-0"]
[Round "06"]
[TimeControl "180+2"]
[Date "2023.01.03"]
[WhiteClock "0:00:21"]
[BlackClock "0:00:00"]

1. e4 Nc6 2. Nf3 d6 3. d4 Nf6 4. Nc3 Bg4 5. d5 Bxf3 6. Qxf3 Ne5 7. Qd1 g6 8. f4 Ned7 9. Be2 Bg7 10. O-O O-O 11. Bf3 c6 12. dxc6 bxc6 13. Kh1 Qc7 14. Be3 Rab8 15. Rb1 e5 16. Qd2 Rfe8 17. Rfd1 Bf8 18. g3 Rbc8 19. Bg2 Rcd8 20. Bg1 Nb6 21. Qd3 Bh6 22. fxe5 dxe5 23. Qf3 Bg7 24. Be3 Nc4 25. Bg5 Rxd1+ 26. Rxd1 Nd7 27. b3 Ncb6 28. Be3 Nf8 29. Bh3 Ne6 30. Bxe6 Rxe6 31. a4 Re8 32. a5 Nc8 33. a6 Nb6 34. Qe2 h5 35. Nb1 Rd8 36. Rxd8+ Qxd8 37. Nd2 Qd6 38. Bxb6 axb6 39. Nc4 Qc7 40. Qe3 c5 41. Qd3 Qa7 42. Qd8+ Kh7 43. Qxb6 Qa8 44. Qb7 Qd8 45. Qd5 Qc7 46. Kg2 Qa7 47. Qb7 1-0


[Site "https://www.chess.com"]

[Event "Titled Tuesday Blitz January 03 Late 2023"]
[White "Jenkins, Drake"]
[Black "Le Goff, Ronan"]
[WhiteFideId "2022397"]
[BlackFideId "612073"]
[WhiteElo "2130"]
[BlackElo "2320"]
[Result "0-1"]
[Round "06"]
[TimeControl "180+2"]
[Date "2023.01.03"]
[WhiteClock "0:00:01"]
[BlackClock "0:01:02"]

1. Nf3 d5 2. c4 e6 3. g3 Nf6 4. Bg2 dxc4 5. O-O a6 6. a4 Nc6 7. Qc2 Na5 8. Ne5 Qd4 9. Nf3 Qc5 10. Na3 Be7 11. d3 cxd3 12. Qxd3 O-O 13. Be3 Qd6 14. Qc2 Bd7 15. Rac1 Bc6 16. Rfd1 Qb4 17. Bd2 Qb6 18. Be3 Qb3 19. Ne5 Qxc2 20. Nxc2 Bxg2 21. Kxg2 Nb3 22. Rb1 Rfd8 23. Nd4 Nxd4 24. Bxd4 Bd6 25. Nc4 Be7 26. Na5 Rdb8 27. Bxf6 Bxf6 28. Rd7 Be5 29. Rd3 Kf8 30. f4 Bd6 31. Nc4 Rd8 32. Rbd1 Be7 33. Kf3 Rxd3+ 34. exd3 Rd8 35. Ke2 b6 36. a5 b5 37. Ne5 Bf6 38. d4 Bxe5 39. fxe5 c5 40. Rc1 cxd4 41. Rc6 Ra8 42. Kd3 Ke8 43. Rc7 Rd8 44. Ra7 f6 45. exf6 gxf6 46. Rxa6 Ke7 47. Rb6 e5 48. Rxb5 e4+ 49. Kxe4 d3 50. Rb7+ Ke6 51. Rb6+ Kf7 52. Rb7+ Kg6 53. a6 d2 54. a7 d1=Q 55. Rb8 Qd4+ 0-1


[Site "https://www.chess.com"]

[Event "Titled Tuesday Blitz January 03 Late 2023"]
[White "Garcia Almaguer, Juan Manuel"]
[Black "Papp, Petra"]
[WhiteFideId "5110491"]
[BlackFideId "739049"]
[WhiteElo "2090"]
[BlackElo "2343"]
[Result "1-0"]
[Round "06"]
[TimeControl "180+2"]
[Date "2023.01.03"]
[WhiteClock "0:01:05"]
[BlackClock "0:00:05"]

1. e4 c5 2. Nf3 d6 3. d4 cxd4 4. Nxd4 Nf6 5. Nc3 a6 6. a4 e5 7. Nde2 Be6 8. g3 d5 9. exd5 Nxd5 10. Bg2 Nxc3 11. Qxd8+ Kxd8 12. bxc3 Kc7 13. Rb1 Nc6 14. Be3 Bd6 15. O-O b5 16. axb5 axb5 17. Rxb5 Bc4 18. Rb6 Ra6 19. Rfb1 Bxe2 20. Bxc6 Rxb6 21. Rxb6 Rb8 22. Rxb8 Kxb8 23. Bd5 f6 24. c4 Kc7 25. c5 Be7 26. c4 Bd1 27. f4 Bb3 28. Kf2 h6 29. h4 Ba4 30. Kf3 Bc6 31. Ke4 exf4 32. Bxf4+ Kb7 33. Bd6 Bd8 34. Kf5 Bc7 35. Kg6 Bxd5 36. cxd5 Bxd6 37. cxd6 Kc8 38. Kxg7 f5 39. Kf6 Kd7 40. Ke5 f4 41. gxf4 1-0


[Site "https://www.chess.com"]

[Event "Titled Tuesday Blitz January 03 Late 2023"]
[White "Papayan, Oleg"]
[Black "Sabar, Ethmane Daouda"]
[WhiteFideId "4193911"]
[BlackFideId "19600097"]
[WhiteElo "2253"]
[BlackElo "2040"]
[Result "1-0"]
[Round "06"]
[TimeControl "180+2"]
[Date "2023.01.03"]
[WhiteClock "0:01:16"]
[BlackClock "0:00:42"]

1. d4 d5 2. Nf3 Nf6 3. c3 c6 4. Bf4 Qb6 5. Qb3 Nbd7 6. e3 e6 7. Bd3 Be7 8. Nbd2 O-O 9. O-O Re8 10. h3 Bf8 11. c4 h6 12. c5 Qxb3 13. axb3 b5 14. b4 g5 15. Bh2 g4 16. hxg4 Nxg4 17. Bg3 e5 18. Bf5 Ndf6 19. Bxc8 Rexc8 20. Nxe5 Nxe5 21. Bxe5 Ng4 22. Bf4 h5 23. Ra6 Bg7 24. Rfa1 h4 25. Rxa7 Rxa7 26. Rxa7 1-0


[Site "https://www.chess.com"]

[Event "Titled Tuesday Blitz January 03 Late 2023"]
[White "Dinu, Dumitru-Daniel"]
[Black "Sariego Figueredo, Wilfredo"]
[WhiteFideId "1208403"]
[BlackFideId "3500080"]
[WhiteElo "2203"]
[BlackElo "2318"]
[Result "1-0"]
[Round "06"]
[TimeControl "180+2"]
[Date "2023.01.03"]
[WhiteClock "0:01:28"]
[BlackClock "0:00:06"]

1. e4 c5 2. Be2 a6 3. f4 e5 4. Nf3 exf4 5. O-O Be7 6. d4 cxd4 7. Bxf4 Qb6 8. Kh1 Nf6 9. Nbd2 Nc6 10. Nc4 Qa7 11. Nd6+ Bxd6 12. Bxd6 Qb6 13. Ba3 Nxe4 14. Bc4 d6 15. Bxf7+ Kxf7 16. Ng5+ Ke8 17. Nxe4 Be6 18. Nxd6+ Kd7 19. Ne4 Qc7 20. Nc5+ Ke7 21. Nxa6+ 1-0


[Site "https://www.chess.com"]

[Event "Titled Tuesday Blitz January 03 Late 2023"]
[White "Clawitter, Craig"]
[Black "Melikhov, Evgeny V."]
[WhiteFideId "2023105"]
[BlackFideId "4122046"]
[WhiteElo "2050"]
[BlackElo "2269"]
[Result "0-1"]
[Round "06"]
[TimeControl "180+2"]
[Date "2023.01.03"]
[WhiteClock "0:00:05"]
[BlackClock "0:00:16"]

1. e4 c5 2. Nf3 d6 3. d4 cxd4 4. Nxd4 Nf6 5. Nc3 a6 6. Be3 e5 7. Nb3 Be6 8. f3 Be7 9. Qd2 O-O 10. g4 Nbd7 11. O-O-O b5 12. Rg1 Qc7 13. g5 Nh5 14. Nd5 Bxd5 15. exd5 Nb6 16. Na5 Nxd5 17. Qxd5 Qxa5 18. Kb1 Qc7 19. Bd3 g6 20. Rg4 Rac8 21. c4 b4 22. Rc1 Qc6 23. Qxc6 Rxc6 24. Be4 Rc7 25. Bb6 Rcc8 26. Be3 Rb8 27. Ba7 Rbc8 28. Be3 a5 29. Bb7 Rb8 30. Bd5 Bd8 31. c5 Bc7 32. Rgc4 Rfd8 33. c6 Ng7 34. f4 Nf5 35. Bf2 Kg7 36. Ba7 Ra8 37. Bf2 Re8 38. fxe5 Rxe5 39. Be4 Rae8 40. Bxf5 Rxf5 41. Bg3 Re2 42. Rd1 Rxg5 43. Bxd6 Bxd6 44. Rxd6 Rg1+ 45. Rc1 Rxc1+ 46. Kxc1 Re8 47. c7 Rc8 48. Rc6 f5 49. Kd2 g5 50. Ke3 h5 51. Kd4 f4 52. Ke4 Kf7 53. Kf5 f3 54. Rf6+ Ke7 55. Kxg5 Rxc7 56. Rxf3 Rc2 57. Re3+ Kd6 58. Kxh5 Rxh2+ 59. Kg4 Rxb2 60. a3 Kc5 61. axb4+ axb4 62. Kf4 Kc4 63. Re8 b3 64. Rc8+ Kd3 65. Rd8+ Kc2 66. Rc8+ Kb1 67. Ke3 Rc2 68. Rb8 b2 69. Kd3 Rc7 70. Rb6 Kc1 0-1


[Site "https://www.chess.com"]

[Event "Titled Tuesday Blitz January 03 Late 2023"]
[White "Batista, Renato Luiz"]
[Black "Mazibuko, Khanya"]
[WhiteFideId "2106540"]
[BlackFideId "14321041"]
[WhiteElo "2174"]
[BlackElo "1913"]
[Result "0-1"]
[Round "06"]
[TimeControl "180+2"]
[Date "2023.01.03"]
[WhiteClock "0:00:09"]
[BlackClock "0:01:58"]

1. e4 e5 2. Nf3 Nc6 3. Bb5 a6 4. Ba4 Nf6 5. O-O Be7 6. Bxc6 dxc6 7. Qe1 Nd7 8. b3 Bd6 9. Bb2 f6 10. d3 Nf8 11. Nbd2 Ne6 12. Nc4 O-O 13. Ne3 Qe7 14. h3 Ba3 15. Bxa3 Qxa3 16. Nf5 Rd8 17. Nh2 Qc5 18. Kh1 Nd4 19. Qd1 Nxf5 20. exf5 Bxf5 21. Qh5 Bg6 22. Qg4 Qxc2 23. Rac1 Qxa2 24. Rcd1 Rd4 25. Nf3 Rxg4 0-1


[Site "https://www.chess.com"]

[Event "Titled Tuesday Blitz January 03 Late 2023"]
[White "Mathur, Rithwik"]
[Black "Roman, Rodrigo"]
[WhiteFideId "30913667"]
[BlackFideId "3701220"]
[WhiteElo "2111"]
[BlackElo "2058"]
[Result "0-1"]
[Round "06"]
[TimeControl "180+2"]
[Date "2023.01.03"]
[WhiteClock "0:00:10"]
[BlackClock "0:00:25"]

1. d4 Nf6 2. Nf3 e6 3. Bf4 b6 4. e3 Bb7 5. Nbd2 Be7 6. h3 d6 7. Bd3 Nbd7 8. O-O h6 9. Bh2 d5 10. Ne5 a6 11. Qe2 Nxe5 12. Bxe5 c5 13. c3 b5 14. e4 cxd4 15. Bxd4 dxe4 16. Nxe4 O-O 17. Rad1 Nd5 18. Qg4 g6 19. Nc5 Bxc5 20. Bxc5 Qg5 21. Qxg5 hxg5 22. Bxf8 Kxf8 23. Be4 f5 24. Bf3 Kf7 25. Rfe1 Kf6 26. Re2 Nf4 27. Bxb7 Nxe2+ 28. Kf1 Ra7 29. Kxe2 Rxb7 30. Rd6 a5 31. Ra6 a4 32. b3 axb3 33. axb3 Rc7 34. Rb6 Rxc3 35. Rxb5 Rc2+ 36. Kf1 Rb2 37. g3 e5 38. Kg2 e4 39. b4 f4 40. Kg1 Rb1+ 41. Kg2 f3+ 42. Kh2 Rf1 43. Rb6+ Kg7 44. Re6 Rxf2+ 45. Kg1 Re2 46. b5 e3 47. b6 Re1+ 48. Kh2 e2 49. b7 Rb1 50. Re7+ Kf6 51. Re8 Rxb7 52. Rf8+ Rf7 0-1


[Site "https://www.chess.com"]

[Event "Titled Tuesday Blitz January 03 Late 2023"]
[White "Smith, Garrett L"]
[Black "Jorajuria Mendoza, Algol"]
[WhiteFideId "2024829"]
[BlackFideId "5128897"]
[WhiteElo "2047"]
[BlackElo "2069"]
[Result "1-0"]
[Round "06"]
[TimeControl "180+2"]
[Date "2023.01.03"]
[WhiteClock "0:00:25"]
[BlackClock "0:00:08"]

1. e4 c5 2. a3 g6 3. b4 Bg7 4. Nc3 b6 5. bxc5 bxc5 6. Rb1 Nc6 7. Nf3 Nf6 8. Bc4 O-O 9. O-O e6 10. d3 d5 11. exd5 exd5 12. Ba2 Bg4 13. Bg5 d4 14. Ne4 Ne5 15. Ned2 h6 16. Bh4 Qd6 17. Bg3 Nh5 18. Re1 Nxg3 19. hxg3 Rae8 20. Rb7 Qc6 21. Rb2 Bxf3 22. gxf3 Kh7 23. f4 Nd7 24. Rb1 Rxe1+ 25. Qxe1 Nf6 26. Qe2 Re8 27. Qf3 Qa4 28. Bxf7 Re7 29. Bb3 Qxa3 30. f5 g5 31. Ne4 a5 32. Kg2 a4 33. Nxf6+ Bxf6 34. Bd5 Qc3 35. Be4 Qxc2 36. Rb6 Rf7 37. Bd5 Rf8 38. Qe4 a3 39. Rxf6 1-0


[Site "https://www.chess.com"]

[Event "Titled Tuesday Blitz January 03 Late 2023"]
[White "Balint, Vilmos"]
[Black "Nissinen, Niilo Man"]
[WhiteFideId "718050"]
[BlackFideId "30950767"]
[WhiteElo "2169"]
[BlackElo "1958"]
[Result "1-0"]
[Round "06"]
[TimeControl "180+2"]
[Date "2023.01.03"]
[WhiteClock "0:01:53"]
[BlackClock "0:00:30"]

1. e4 c5 2. Nf3 e6 3. d4 cxd4 4. Nxd4 Nc6 5. g3 d5 6. Bg2 Nxd4 7. Qxd4 dxe4 8. Qxd8+ Kxd8 9. Bxe4 Bd6 10. Nc3 a6 11. Be3 Nf6 12. O-O-O Ke7 13. Bg2 Rb8 14. Rhe1 Bd7 15. Ba7 Ra8 16. Bd4 Rab8 17. Bxf6+ gxf6 18. Nd5+ Kd8 19. Nxf6 Kc7 20. Rd2 Bc6 21. Bxc6 Kxc6 22. Red1 Rbd8 23. h4 h6 24. Ng4 f5 25. Rxd6+ Rxd6 26. Ne5+ 1-0


[Site "https://www.chess.com"]

[Event "Titled Tuesday Blitz January 03 Late 2023"]
[White "Almagro Mazariegos, Sebastian"]
[Black "Harish, Neeraj"]
[WhiteFideId "2221640"]
[BlackFideId "30958130"]
[WhiteElo "2280"]
[BlackElo "2232"]
[Result "1-0"]
[Round "06"]
[TimeControl "180+2"]
[Date "2023.01.03"]
[WhiteClock "0:00:16"]
[BlackClock "0:00:03"]

1. e4 c5 2. Nf3 Nc6 3. d4 cxd4 4. Nxd4 Nf6 5. Nc3 e5 6. Ndb5 d6 7. Bg5 a6 8. Na3 b5 9. Nd5 Be7 10. Bxf6 Bxf6 11. c4 b4 12. Nc2 O-O 13. g3 a5 14. Bg2 Bg5 15. O-O Be6 16. b3 Ne7 17. Nxe7+ Qxe7 18. Qd3 Rad8 19. a3 bxa3 20. Rxa3 Qc7 21. Rfa1 Ra8 22. Bf1 Kh8 23. b4 f5 24. Rxa5 Rxa5 25. Rxa5 fxe4 26. Qxe4 d5 27. Rxd5 Bxd5 28. Qxd5 h6 29. c5 Rd8 30. Qe4 Rd2 31. Bd3 Kg8 32. h4 Bf6 33. Ne3 Qd7 34. Qh7+ Kf8 35. Bc4 Rd1+ 36. Kh2 Rd2 37. Kg1 Qd4 38. Qg8+ Ke7 39. Nf5+ Kd7 40. Nxd4 1-0


[Site "https://www.chess.com"]

[Event "Titled Tuesday Blitz January 03 Late 2023"]
[White "Ankerst, Mihael"]
[Black "Aung Thant Zin"]
[WhiteFideId "14602369"]
[BlackFideId "13000063"]
[WhiteElo "2370"]
[BlackElo "2268"]
[Result "0-1"]
[Round "06"]
[TimeControl "180+2"]
[Date "2023.01.03"]
[WhiteClock "0:00:01"]
[BlackClock "0:00:17"]

1. e4 c5 2. Nf3 Nc6 3. d4 cxd4 4. Nxd4 Nf6 5. Nc3 d6 6. Bc4 Qb6 7. Nxc6 bxc6 8. O-O e6 9. b3 Be7 10. Bb2 O-O 11. Bd3 e5 12. Kh1 Be6 13. Qe2 Rae8 14. Na4 Qc7 15. c4 Nd7 16. Rac1 Qb8 17. Qe3 h6 18. Qg3 Bf6 19. Rc2 d5 20. cxd5 cxd5 21. Ba3 Be7 22. Bxe7 Rxe7 23. exd5 Bxd5 24. Rfc1 Nb6 25. Nc5 e4 26. Ba6 Qxg3 27. hxg3 f5 28. Rd1 Ba8 29. Re2 Kh8 30. Rd6 Nd5 31. Bc4 Nf6 32. Ne6 Rb8 33. Nf4 Kh7 34. Be6 Rb5 35. Rd8 Bb7 36. Rb8 Ba6 37. Bc4 Rxb8 38. Bxa6 Rb6 39. Bc4 Rd6 40. f3 e3 41. Kh2 Rd2 42. Kg1 g5 43. Nh3 Rxe2 44. Bxe2 Rd7 45. Kf1 Rd2 46. Ng1 Nd5 47. Ke1 Nc3 48. Kf1 f4 49. gxf4 gxf4 50. Bc4 Rxa2 0-1


[Site "https://www.chess.com"]

[Event "Titled Tuesday Blitz January 03 Late 2023"]
[White "Tamarozi, Isabelle"]
[Black "Alexikov, Alexander"]
[WhiteFideId "2132400"]
[BlackFideId "14103958"]
[WhiteElo "1982"]
[BlackElo "2209"]
[Result "1-0"]
[Round "06"]
[TimeControl "180+2"]
[Date "2023.01.03"]
[WhiteClock "0:00:02"]
[BlackClock "0:00:01"]

1. e4 c5 2. Nf3 d6 3. d4 cxd4 4. Nxd4 Nf6 5. Nc3 a6 6. Be2 e5 7. Nb3 Be6 8. O-O Be7 9. a4 Nbd7 10. f4 Rc8 11. Kh1 O-O 12. f5 Bc4 13. g4 h6 14. Bxc4 Rxc4 15. Nd2 Rxc3 16. bxc3 Qc7 17. c4 Qc6 18. Qf3 Nc5 19. Re1 Nxa4 20. h4 Nh7 21. Qg3 b5 22. Nf3 Nc5 23. cxb5 axb5 24. Ra7 Re8 25. Nd2 Bf6 26. Ba3 Na4 27. Qb3 Rf8 28. Nf3 Nc5 29. Bxc5 dxc5 30. Qd5 Qxd5 31. exd5 Rd8 32. Nxe5 Bxh4 33. Nxf7 Rf8 34. Nxh6+ gxh6 35. Re6 Bg5 36. Rg6+ Kh8 37. Rgg7 Nf6 38. d6 Rd8 39. Rgf7 Kg8 40. Rfb7 Ne8 41. d7 Nf6 42. Rc7 1-0


[Site "https://www.chess.com"]

[Event "Titled Tuesday Blitz January 03 Late 2023"]
[White "Vargas, Mauricio"]
[Black "Pace, Christopher"]
[WhiteFideId "4404572"]
[BlackFideId "2610167"]
[WhiteElo "2035"]
[BlackElo "2053"]
[Result "0-1"]
[Round "06"]
[TimeControl "180+2"]
[Date "2023.01.03"]
[WhiteClock "0:00:04"]
[BlackClock "0:00:10"]

1. e4 e5 2. Nf3 Nc6 3. g3 Nf6 4. d3 d5 5. exd5 Nxd5 6. Bg2 Be7 7. h3 O-O 8. O-O Re8 9. Bd2 a5 10. Nc3 Nb6 11. Re1 Bf8 12. Qe2 a4 13. a3 Bf5 14. Rad1 Qd7 15. Kh2 Rad8 16. Nh4 Nd4 17. Qh5 g6 18. Qg5 h6 19. Qe3 Nxc2 20. Qe2 Bxd3 21. Qg4 Nxe1 22. Rxe1 Qxg4 23. hxg4 Nc4 24. Bc1 c6 25. Nxa4 e4 26. Nc3 e3 27. fxe3 Bc5 28. e4 Bf2 29. Rd1 Be3 30. Bxe3 Nxe3 31. Rd2 Ba6 32. Nf3 Rxd2 33. Nxd2 Rd8 34. Nf3 Nxg4+ 35. Kh3 Nf2+ 36. Kh2 Nd1 0-1


[Site "https://www.chess.com"]

[Event "Titled Tuesday Blitz January 03 Late 2023"]
[White "Desideri, Ricardo Maruchi"]
[Black "Torres Dominguez, David"]
[WhiteFideId "2110440"]
[BlackFideId "2220857"]
[WhiteElo "1959"]
[BlackElo "1994"]
[Result "0-1"]
[Round "06"]
[TimeControl "180+2"]
[Date "2023.01.03"]
[WhiteClock "0:00:01"]
[BlackClock "0:01:10"]

1. e4 Nc6 2. d4 e5 3. d5 Nce7 4. f4 Ng6 5. Nf3 exf4 6. e5 d6 7. exd6 Bxd6 8. Bd3 N8e7 9. O-O O-O 10. c4 Bf5 11. Nc3 Qd7 12. Ne4 Bxe4 13. Bxe4 Rae8 14. Qc2 f5 15. Bd3 c6 16. c5 Be5 17. d6 Nd5 18. a3 Kh8 19. Re1 b6 20. Bd2 bxc5 21. Nxe5 Nxe5 22. Bc4 Nxc4 23. Qxc4 Qxd6 24. Rxe8 Rxe8 25. Rf1 Ne3 26. Bxe3 fxe3 0-1


[Site "https://www.chess.com"]

[Event "Titled Tuesday Blitz January 03 Late 2023"]
[White "Ardila, Oscar Humberto"]
[Black "Souza, Gustavo Horokoski De"]
[WhiteFideId "4404742"]
[BlackFideId "2146584"]
[WhiteElo "1982"]
[BlackElo "1943"]
[Result "0-1"]
[Round "06"]
[TimeControl "180+2"]
[Date "2023.01.03"]
[WhiteClock "0:00:07"]
[BlackClock "0:00:20"]

1. d4 Nf6 2. c4 c5 3. d5 e6 4. Nc3 exd5 5. cxd5 d6 6. e4 g6 7. h3 Bg7 8. Nf3 O-O 9. Bd3 b5 10. Bxb5 Nxe4 11. Nxe4 Qa5+ 12. Nfd2 Qxb5 13. Qe2 Qxe2+ 14. Kxe2 Re8 15. Kf3 Bb7 16. Nc3 Bxc3 17. bxc3 Bxd5+ 18. Kg3 Nc6 19. f3 h5 20. c4 Be6 21. Ne4 Red8 22. Bg5 Rdb8 23. Nxd6 Rb4 24. Rac1 Nd4 25. Rhe1 Rb2 26. Bf6 Rxa2 27. Bxd4 cxd4 28. c5 d3 29. Red1 d2 30. Rb1 Bf5 31. Ra1 Rxa1 32. Rxa1 Bc2 33. c6 d1=Q 34. Rxd1 Bxd1 35. c7 a5 36. c8=Q+ Rxc8 37. Nxc8 a4 38. Nb6 a3 39. Nc4 a2 0-1


[Site "https://www.chess.com"]

[Event "Titled Tuesday Blitz January 03 Late 2023"]
[White "Kostiukov, Alexandr"]
[Black "Guevara Sanchez, Erick Marvin"]
[WhiteFideId "14108100"]
[BlackFideId "6700136"]
[WhiteElo "2271"]
[BlackElo "2073"]
[Result "1-0"]
[Round "06"]
[TimeControl "180+2"]
[Date "2023.01.03"]
[WhiteClock "0:00:06"]
[BlackClock "0:00:10"]

1. e4 c5 2. Nf3 Nc6 3. d4 cxd4 4. Nxd4 Nf6 5. Nc3 e5 6. Ndb5 d6 7. Bg5 a6 8. Na3 b5 9. Nd5 Be7 10. Bxf6 Bxf6 11. c3 Bg5 12. Nc2 Ne7 13. Nce3 Bxe3 14. Nxe3 Be6 15. Be2 O-O 16. O-O d5 17. exd5 Nxd5 18. Nxd5 Bxd5 19. Qc2 Qg5 20. f3 Rfd8 21. Rae1 Qe3+ 22. Kh1 Qg5 23. a3 h6 24. Bd3 Rac8 25. Rf2 Bc4 26. Bxc4 Rxc4 27. Rfe2 Re8 28. b3 Rc7 29. c4 bxc4 30. bxc4 Qf6 31. Qa4 Ree7 32. Qb4 Rb7 33. Qc3 Rbc7 34. c5 Rc6 35. Rxe5 Rxe5 36. Qxe5 Re6 37. Qb8+ Kh7 38. Qb1+ Qg6 39. Qxg6+ Rxg6 40. Rc1 Rc6 41. Kg1 Kg6 42. Kf2 Kf5 43. Ke3 Ke5 44. Rc4 Kd5 45. Kd3 Rxc5 46. Rd4+ Ke5 47. Rd7 Rd5+ 48. Rxd5+ Kxd5 49. Kc3 Kc5 50. Kb3 Kb5 51. h4 h5 52. g4 f6 53. gxh5 f5 54. f4 Kc5 55. Ka4 Kc4 56. Ka5 Kc5 57. Kxa6 Kc6 58. a4 Kc5 59. Kb7 Kb4 60. Kc7 Kxa4 61. Kd6 Kb4 62. Ke5 1-0


[Site "https://www.chess.com"]

[Event "Titled Tuesday Blitz January 03 Late 2023"]
[White "Gardezi, Arsal"]
[Black "Schill, William"]
[WhiteFideId "30949521"]
[BlackFideId "2016710"]
[WhiteElo "2093"]
[BlackElo "2147"]
[Result "0-1"]
[Round "06"]
[TimeControl "180+2"]
[Date "2023.01.03"]
[WhiteClock "0:00:23"]
[BlackClock "0:00:16"]

1. Nf3 Nf6 2. g3 g6 3. Bg2 Bg7 4. O-O O-O 5. d4 d6 6. c4 Nbd7 7. Nc3 e5 8. e4 c6 9. Bg5 h6 10. Bd2 Qb6 11. Na4 Qa6 12. Rc1 Nxe4 13. Nxe5 Nxd2 14. Nxd7 Bxd7 15. Qxd2 Qxa4 16. Rfe1 Rfe8 17. b3 Qa3 18. Qf4 Bf8 19. d5 c5 20. h4 h5 21. Be4 Qxa2 22. Rc3 Qb2 23. Rf3 Qg7 24. Rfe3 Qe5 25. Qf3 Bg4 26. Qg2 Qd4 27. Rd3 Rxe4 28. Qxe4 Qxe4 29. Rxe4 Bf5 30. Rde3 Bxe4 31. Rxe4 a6 32. f4 b5 33. f5 bxc4 34. bxc4 a5 35. f6 a4 36. Re3 a3 37. Re1 a2 38. Ra1 Bh6 39. Kf2 Bd2 40. Ke2 Bc3 41. Kd3 0-1


[Site "https://www.chess.com"]

[Event "Titled Tuesday Blitz January 03 Late 2023"]
[White "Marcolino, Daniel Mattos"]
[Black "Savic, Miroslav"]
[WhiteFideId "2106841"]
[BlackFideId "14508494"]
[WhiteElo "2006"]
[BlackElo "2167"]
[Result "0-1"]
[Round "06"]
[TimeControl "180+2"]
[Date "2023.01.03"]
[WhiteClock "0:00:01"]
[BlackClock "0:00:18"]

1. d4 Nf6 2. Nf3 e6 3. g3 b6 4. Bg2 Bb7 5. O-O a5 6. c4 h6 7. d5 Be7 8. Nc3 Bb4 9. dxe6 fxe6 10. Qc2 O-O 11. Qg6 Bxc3 12. bxc3 Qe8 13. Nh4 Bxg2 14. Kxg2 Qxg6 15. Nxg6 Re8 16. Rd1 d6 17. c5 bxc5 18. Rb1 Kf7 19. Nf4 e5 20. Nd5 Nxd5 21. Rxd5 Ke6 22. c4 Nc6 23. Rd1 Rab8 24. Bd2 a4 25. Bc3 Rxb1 26. Rxb1 Rb8 27. Rd1 Nd4 28. e3 Nc6 29. f4 g6 30. Kf3 Re8 31. g4 g5 32. fxe5 Nxe5+ 33. Bxe5 Kxe5 34. Rb1 c6 35. Rb6 Rc8 36. Ra6 d5 37. Rxa4 d4 38. Ra3 Rf8+ 39. Ke2 Ke4 40. Ra7 d3+ 41. Ke1 Kxe3 42. Re7+ Kd4 43. Rd7+ Kxc4 44. a4 Kc3 45. Re7 c4 46. a5 Ra8 47. Re5 Kd4 0-1


[Site "https://www.chess.com"]

[Event "Titled Tuesday Blitz January 03 Late 2023"]
[White "Lutz, Igor Oscar"]
[Black "Hernandez Sanchez, Elvis De La Caridad"]
[WhiteFideId "2110806"]
[BlackFideId "6400353"]
[WhiteElo "1969"]
[BlackElo "2243"]
[Result "0-1"]
[Round "06"]
[TimeControl "180+2"]
[Date "2023.01.03"]
[WhiteClock "0:01:50"]
[BlackClock "0:02:32"]

1. d4 Nf6 2. c4 g6 3. Nc3 Bg7 4. e4 d6 5. Nf3 O-O 6. Be2 e5 7. Be3 h6 8. Rc1 Ng4 9. d5 Nxe3 10. fxe3 a5 11. h4 Na6 12. h5 g5 13. Kd2 Nc5 14. Qf1 f5 15. exf5 Bxf5 16. Qf2 c6 17. Qg3 b5 0-1


[Site "https://www.chess.com"]

[Event "Titled Tuesday Blitz January 03 Late 2023"]
[White "Kollars, Dmitrij"]
[Black "Carlsen, Magnus"]
[WhiteFideId "12909572"]
[BlackFideId "1503014"]
[WhiteElo "2607"]
[BlackElo "2853"]
[Result "1-0"]
[Round "07"]
[TimeControl "180+2"]
[Date "2023.01.03"]
[WhiteClock "0:00:23"]
[BlackClock "0:00:19"]

1. e4 g6 2. d4 Nf6 3. e5 Nh5 4. f4 d6 5. Nc3 Bh6 6. Qf3 Nc6 7. Be3 dxe5 8. dxe5 Nd4 9. Qf2 c5 10. O-O-O Qa5 11. Nge2 Ng7 12. Nxd4 cxd4 13. Bb5+ Kf8 14. Bxd4 Nf5 15. Bc5 a6 16. Bc4 Bxf4+ 17. Qxf4 Qxc5 18. Rhe1 h5 19. h3 Kg7 20. g4 hxg4 21. hxg4 Rh4 22. Bb3 Nh6 23. Rh1 f6 24. Rxh4 g5 25. exf6+ exf6 26. Rh5 Qxc3 27. Rxg5+ 1-0


[Site "https://www.chess.com"]